 Dungeon Crawl Stone Soup version 0.26-a0-1107-g6118521029 (webtiles) character file.

Game seed: 4053733148672632077

9345 Dracia the Envoy of Void (level 11, -19/75 HPs)
             Began as a Demonspawn Abyssal Knight on Dec 16, 2020.
             Was a High Priest of Lugonu.
             Killed by the air
             ... invoked by Gastronok
              (29 damage)
             ... on level 11 of the Dungeon.
             The game lasted 00:21:39 (13276 turns).

Dracia the Envoy of Void (DsAK)                    Turns: 13276, Time: 00:21:39

Health: -19/75     AC: 19    Str: 20      XL:     11   Next: 21%
Magic:  28/28      EV:  6    Int: 14      God:    Lugonu [*****.]
Gold:   652        SH: 18    Dex: 13 (14) Spells: 10/10 levels left

rFire    + + .     SeeInvis .   h - +0 scimitar (flame)
rCold    . . .     Faith    .   g - +1 kite shield
rNeg     . . .     Spirit   .   y - +8 chain mail of the Burnt Hot Ocelot {rF+ Stlth+}
rPois    .         Reflect  .   (helmet restricted)
rElec    .         Harm     .   p - +2 cloak
rCorr    .         Rampage  .   (no gloves)
Will     .....                  (no boots)
Stlth    ..........             (no amulet)
HPRegen  0.22/turn              W - ring of magical power
MPRegen  0.21/turn              S - +6 ring of strength

@: no status effects
A: antennae 2, large bone plates 2, fire resistance 1, powered by death 2
a: Depart the Abyss, Bend Space, Banish, Corrupt, Enter the Abyss, Renounce
Religion


You were on level 11 of the Dungeon.
You worshipped Lugonu.
Lugonu was extremely pleased with you.
You visited 1 branch of the dungeon, and saw 11 of its levels.
You visited the Abyss 1 time.
You also visited: Ossuary.

You collected 652 gold pieces.


Innate Abilities, Weirdness & Mutations

You have a pair of antennae on your head.
You are mostly covered in large bone plates. (SH +6)
Your flesh is heat resistant. (rF+)
You regenerate health from kills.


   Skills:
 - Level 3.0 Fighting
 * Level 11.8 Long Blades
 - Level 1.7 Armour
 - Level 0.8 Dodging
 + Level 7.0 Shields
 + Level 11.8 Invocations


You had 10 spell levels left.
You didn't know any spells.
Your spell library contained the following spells:

 Spells                   Type           Power        Failure   Level
 Animate Skeleton         Necr           #.....       100%        1
 Pain                     Necr           #...         100%        1
 Sandblast                Erth           #.....       100%        1
 Passwall                 Tmut/Erth      #.......     100%        2
 Confusing Touch          Hex            #.......     100%        3
 Gell's Gravitas          Tloc           #.........   100%        3
 Stone Arrow              Conj/Erth      #.....       100%        3
 Vampiric Draining        Necr           #.........   100%        3
 Animate Dead             Necr           #.........   100%        4
 Petrify                  Tmut/Erth      #.......     100%        4
 Agony                    Necr           #.......     100%        5
 Lee's Rapid Deconstruct  Erth           #.........   100%        5
 Metabolic Englaciation   Hex/Ice        #.........   100%        5
 Yara's Violent Unravell  Hex/Tmut       #.........   100%        5

Inventory:

Hand Weapons
 a - a +2 falchion
 h - a +0 scimitar of flaming (weapon)
 n - a +3 falchion of draining
 G - a +2 vorpal long sword
Missiles
 u - 6 curare-tipped darts {=f=f}
 x - 3 throwing nets {=f=f}
 E - 30 poisoned darts
Armour
 b - a +0 leather armour
 f - a +0 scale mail
 g - a +1 kite shield (worn)
 j - a +0 plate armour
 p - a +2 cloak (worn)
 y - the +8 chain mail of the Burnt Hot Ocelot (worn) {rF+ Stlth+}
   (You found it on level 5 of the Dungeon)

   It protects you from fire.
   It makes you more stealthy.
 H - quicksilver dragon scales
 L - a +0 pair of gloves
 O - a +2 robe of positive energy
Magical Staves
 s - an uncursed staff of death {!a!a, unknown}
Jewellery
 m - an uncursed amulet of inaccuracy
 C - an uncursed ring of ice
 F - an uncursed ring of fire
 R - an uncursed ring of resist corrosion
 S - a +6 ring of strength (right hand)
 W - a ring of magical power (left hand)
Wands
 q - a wand of flame (44)
 w - a wand of digging (7)
 B - a wand of polymorph (7)
 D - a wand of enslavement (20)
 K - a wand of paralysis (7)
Scrolls
 d - 6 scrolls of teleportation {@r4@r4}
 e - 4 scrolls of fog
 i - 2 scrolls of magic mapping
 l - 10 scrolls of identify {@r1@r1}
 o - a scroll of amnesia
 r - 3 scrolls of remove curse {@r2@r2}
 I - a scroll of noise {unknown}
Potions
 c - a potion of attraction
 k - 5 potions of curing {@q1@q1}
 t - a potion of flight
 v - a potion of berserk rage {!q!q}
 z - a potion of degeneration
 A - 2 potions of haste {@q3@q3}
 J - 3 potions of ambrosia {unknown}
 M - a potion of might
 N - 2 potions of mutation {unknown}

Dungeon Overview and Level Annotations

Branches:
Dungeon (11/15)            Temple (0/1) D:7             Orc (0/2) D:10
Ossuary (visited)
   Lair: D:8-11

Altars:
Ashenzari
Ru

Shops:
D:4 =

Annotations:
D:5 4 transporters, Goblin1989's ghost, novice OpAK
D:11 Gastronok

##### #...#
#.#.# #.#.#
# #.#.#
#.#<..#
#.###@#
..#+#.....#
.........##
......w..+
.........#
.........#
.........#
/........#
...ยง.....#


You could see Gastronok (swift).


Message History

Gastronok is lightly wounded.
The phantom blinks!
Gastronok's eyestalks quiver as he mumbles some strange words.
Gastronok puts on a burst of speed!
You slash Gastronok! You burn Gastronok.
Gastronok is moderately wounded.
Unknown command.
You hit Gastronok. You burn Gastronok.
Gastronok is moderately wounded.
The phantom blinks!
Gastronok completely misses you.
Unknown command.
You hit Gastronok. You burn Gastronok.
Gastronok is moderately wounded.
You barely miss Gastronok.
Gastronok is moderately wounded.
You hit Gastronok. You burn Gastronok.
Gastronok is moderately wounded.
Gastronok bites you!!
* * * LOW HITPOINT WARNING * * *
You slash Gastronok! You burn Gastronok.
Gastronok is moderately wounded.
You hit Gastronok. You burn Gastronok.
Gastronok is heavily wounded.
The phantom blinks!
Gastronok bites you!
* * * LOW HITPOINT WARNING * * *
Unknown command.
Unknown command.
Gastronok waves his eye-stalks in wide circles.
The air twists around and strikes you!!
You die...

Skill      XL: |  1  2  3  4  5  6  7  8  9 10 11 |
---------------+----------------------------------+-----
Long Blades    | 2 3 4 5 7 8 10 11 | 11.8
Invocations    | 3 4 5 7 8 10 11 | 11.8
Shields        | 1 3 5 6 7 |  7.0
Fighting       | |  3.0
Armour         | |  1.7
Dodging        | |  0.8

Action                   |  1- 3 |  4- 6 |  7- 9 | 10-12 || total
-------------------------+-------+-------+-------+-------++-------
Melee: Falchion          |    81 |   205 |   605 |       ||   891
       Scimitar          |       |       |       |   621 ||   621
Invok: Depart the Abyss  |     1 |       |       |       ||     1
  Use: Scroll            |       |     4 |     9 |       ||    13
       Potion            |       |       |     8 |     3 ||    11
Armor: Leather armour    |    12 |       |       |       ||    12
       Scale mail        |    17 |       |       |       ||    17
       Plate armour      |       |   141 |   370 |    17 ||   528
       Chain mail        |       |       |       |   224 ||   224
       Skin              |       |       |       |     2 ||     2
Dodge: Dodged            |    40 |     9 |    29 |    86 ||   164
Block: Kite shield       |     9 |    73 |   240 |   529 ||   851
       Rpst.: Falchion   |    10 |     2 |     9 |       ||    21
       Scimitar          |       |       |       |    28 ||    28

Levels and vault maps discovered:
D:1:      psy_arrival_terrarium, layout_basic
D:2:      layout_loops_cross, chequers_serial_rivers_small_a, item_on_display_a,
          uniq_natasha
D:3:      layout_basic, chequers_ecumenical_altar_simple_redux
D:4:      minmay_opposing_rooms, layout_basic, serial_shops, shop, uniq_edmund
D:5:      layout_rooms, gammafunk_temple_overflow_arena, gammafunk_ghost_arena,
          nicolae_ru_sacrificial_ziggurat
D:6:      layout_basic, enter_ossuary_4, cheibrodos_ashenzari_chains
D:7:      layout_loops_cross, minmay_temple_entry_hall,
          kennysheep_generic_room_16, uniq_harold
D:8:      layout_rooms, uniq_erica
D:9:      layout_roguey [special_room_bee], gammafunk_ghost_icy
D:10:     layout_basic, orc_0_dummy
D:11:     minmay_the_grid_triangle_9x9_recursive_2
          [minmay_the_grid_triangle_9x9_prize_special,
          minmay_the_grid_triangle_9x9_from_above,
          minmay_the_grid_triangle_9x9_stretched_checkered,
          minmay_the_grid_triangle_9x9_descending_squares], layout_basic,
          erik_lair_dragon, uniq_sonja, uniq_gastronok, uniq_fannar

Notes
Turn   | Place    | Note
-------+----------+-------------------------------------------
     0 | Abyss:1  | Dracia the Demonspawn Abyssal Knight began the quest for
                  | the Orb.
     0 | Abyss:1  | Reached XP level 1. HP: 18/18 MP: 2/2
    66 | D:1      | You pass through the gate.
    66 | D:1      | Escaped the Abyss
    96 | D:1      | Reached skill level 2 in Long Blades
   273 | D:1      | Gained mutation: You have a pair of small antennae on your
                  | head. [demonic ancestry]
   273 | D:1      | Reached XP level 2. HP: 24/24 MP: 4/4
   405 | D:1      | Reached * piety under Lugonu
   414 | D:1      | Reached skill level 3 in Invocations
   913 | D:2      | Reached XP level 3. HP: 27/29 MP: 5/5
   935 | D:1      | Reached skill level 3 in Long Blades
  1165 | D:2      | Reached XP level 4. HP: 31/35 MP: 6/6
  1531 | D:2      | Noticed Natasha
  1540 | D:2      | Killed Natasha
  1541 | D:2      | Reached skill level 4 in Invocations
  1822 | D:2      | Noticed Natasha
  1833 | D:2      | Killed Natasha
  1881 | D:2      | Noticed Natasha
  1903 | D:2      | Killed Natasha
  1904 | D:2      | Reached skill level 4 in Long Blades
  1904 | D:2      | Gained mutation: Your flesh is heat resistant. (rF+)
                  | [demonic ancestry]
  1904 | D:2      | Reached XP level 5. HP: 38/41 MP: 8/8
  2549 | D:3      | Found a faded altar of an unknown god.
  2821 | D:3      | Reached ** piety under Lugonu
  3131 | D:4      | Noticed Edmund
  3167 | D:4      | Killed Edmund
  3168 | D:4      | Reached skill level 5 in Long Blades
  3168 | D:4      | Reached skill level 5 in Invocations
  3168 | D:4      | Gained mutation: You regenerate a little health from kills.
                  | [demonic ancestry]
  3168 | D:4      | Reached XP level 6. HP: 20/47 MP: 8/10
  3676 | D:4      | Gained mutation: You have a pair of antennae on your head.
                  | [demonic ancestry]
  3676 | D:4      | Reached XP level 7. HP: 45/52 MP: 11/11
  3740 | D:4      | Reached skill level 6 in Invocations
  3805 | D:4      | Reached skill level 6 in Long Blades
  4263 | D:4      | Found Cularaon's Jewellery Shop.
  4587 | D:5      | Entered Level 5 of the Dungeon
  4605 | D:5      | Found a transporter.
  5547 | D:5      | Reached skill level 1 in Shields
  5670 | D:5      | Reached skill level 7 in Invocations
  5875 | D:5      | Found a transporter.
  5896 | D:5      | Reached skill level 7 in Long Blades
  5896 | D:5      | Gained mutation: You regenerate health from kills. [demonic
                  | ancestry]
  5896 | D:5      | Reached XP level 8. HP: 52/58 MP: 13/13
  5922 | D:5      | Found a transporter.
  5926 | D:5      | Noticed Goblin1989's ghost (novice OpAK)
  5939 | D:5      | Found a transporter.
  6064 | D:5      | Got a dazzling chain mail
  6201 | D:5      | Reached skill level 2 in Shields
  6386 | D:5      | Found a sacrificial altar of Ru.
  6536 | D:5      | Found a sacrificial altar of Ru.
  6727 | D:6      | Found a sand-covered staircase.
  6735 | Ossuary  | Entered an ossuary
  6772 | Ossuary  | Reached *** piety under Lugonu
  7540 | D:6      | Found a broken altar of Ashenzari.
  7591 | D:6      | Reached skill level 8 in Invocations
  7679 | D:6      | Reached skill level 8 in Long Blades
  7679 | D:6      | Reached skill level 3 in Shields
  8389 | D:6      | Reached XP level 9. HP: 61/62 MP: 15/15
  8498 | D:7      | Found a staircase to the Ecumenical Temple.
  8810 | D:7      | Reached skill level 4 in Shields
  8836 | D:7      | Reached skill level 9 in Long Blades
  8836 | D:7      | Reached skill level 9 in Invocations
  9008 | D:7      | Reached **** piety under Lugonu
  9237 | D:7      | Noticed Harold
  9271 | D:7      | Killed Harold
  9494 | D:7      | Reached skill level 5 in Shields
  9584 | D:7      | HP: 3/57 [wight/cursed +3 great sword (10)]
  9591 | D:7      | HP: 5/58 [wight/+0 battleaxe (3)]
  9596 | D:7      | Reached skill level 10 in Invocations
  9981 | D:8      | Noticed Erica
 10001 | D:8      | HP: 5/58 [poisoned by Erica (bolt of poison)]
 10001 | D:8      | HP: 2/58 [something/lance of force (3)]
 10005 | D:8      | Killed Erica
 10006 | D:8      | Reached skill level 10 in Long Blades
 10006 | D:8      | Gained mutation: You are partially covered in large bone
                  | plates. (SH +4) [demonic ancestry]
 10006 | D:8      | Reached XP level 10. HP: 16/70 MP: 17/17
 10519 | D:8      | Identified the +8 chain mail of the Burnt Hot Ocelot {rF+
                  | Stlth+} (You found it on level 5 of the Dungeon)
 10620 | D:8      | Noticed a two-headed ogre
 10680 | D:8      | Killed a two-headed ogre
 11146 | D:8      | Reached skill level 6 in Shields
 11437 | D:9      | Found a runed translucent gate.
 11437 | D:9      | Found a runed translucent gate.
 11437 | D:9      | Found a runed translucent gate.
 11512 | D:9      | Reached ***** piety under Lugonu
 11547 | D:9      | Reached skill level 11 in Long Blades
 11547 | D:9      | Reached skill level 11 in Invocations
 12233 | D:9      | Noticed qborf's ghost (novice OpTm)
 12344 | D:9      | Killed qborf's ghost
 12345 | D:9      | Gained mutation: You are mostly covered in large bone
                  | plates. (SH +6) [demonic ancestry]
 12345 | D:9      | Reached XP level 11. HP: 59/75 MP: 19/19
 12450 | D:10     | Entered Level 10 of the Dungeon
 12935 | D:10     | Reached skill level 7 in Shields
 13017 | D:10     | Found a staircase to the Orcish Mines.
 13259 | D:11     | Noticed Gastronok
 13276 | D:11     | Killed from afar by Gastronok

Vanquished Creatures
  Harold (D:7)
  Erica (D:8)
  A two-headed ogre (D:8)
  The ghost of qborf the Transmogrifier, a novice OpTm of Gozag (D:9)
  A queen bee (D:9)
  A wraith (Ossuary)
  A wyvern (D:10)
  A shadow (D:10)
  Edmund (D:4)
  A water moccasin (D:10)
  A black bear (D:6)
  3 orc warriors
  A hornet zombie (D:10)
  A phantom (D:9)
  6 ice beasts
  A sky beast (D:9)
  4 ogres
  5 centaurs
  3 big kobolds
  A gnoll sergeant (D:9)
  2 bullfrogs
  4 scorpions
  29 killer bees
  3 howler monkeys (D:7)
  15 wights
  A jelly (D:6)
  3 hounds
  5 orc priests
  7 orc wizards
  A centaur skeleton (D:2)
  10 worker ants
  Natasha (thrice) (D:2)
  3 iguanas
  A killer bee zombie (D:8)
  A big kobold zombie (Ossuary)
  A hound zombie (D:5)
  A worker ant zombie (D:9)
  3 mummies (Ossuary)
  12 gnolls
  9 adders
  A hound simulacrum (D:9)
  A shadow imp (D:7)
  7 white imps
  4 ufetubi
  2 oozes (D:4)
  2 adder skeletons (D:4)
  4 worms
  An adder simulacrum (D:9)
  3 leopard geckos
  24 orcs
  A ball python (D:3)
  3 giant cockroaches
  4 hobgoblins
  18 jackals
  4 quokkas
  3 bats
  4 frilled lizards
  4 goblins (D:1)
  3 goblin zombies
  3 hobgoblin zombies (Ossuary)
  A jackal skeleton (D:4)
  20 kobolds
  2 kobold zombies (Ossuary)
  A leopard gecko skeleton (D:4)
  An orc zombie (Ossuary)
  A quokka skeleton (D:5)
  A quokka zombie (D:6)
  8 rats
281 creatures vanquished.

Table legend: (Time is in decaauts)
 A = Elapsed time spent in this place.
 B = Non-inter-level travel time spent in this place.
 C = Inter-level travel time spent in this place.
 D = Time resting spent in this place.
 E = Time spent auto-exploring this place.
 F = Levels seen in this place.
 G = Mean time per level.
                   A        B        C        D        E       F      G
               +--------+--------+--------+--------+--------+-----+--------+
         Total |  13285 |  12894 |    391 |   4013 |   6319 |  13 | 1021.9 |
       Dungeon |  12511 |  12120 |    391 |   3891 |   5822 |  11 | 1137.4 |
         Abyss |     66 |     66 |      0 |      0 |     45 |   1 |   66.0 |
       Ossuary |    708 |    708 |      0 |    122 |    452 |   1 |  708.0 |
               +--------+--------+--------+--------+--------+-----+--------+

Top non-repeatable levels by time:
     D:4: 2408 daAuts
     D:8: 1475 daAuts
     D:7: 1374 daAuts
     D:2: 1260 daAuts
     D:5: 1231 daAuts
     D:6: 1097 daAuts
     D:1: 1041 daAuts
     D:9: 1033 daAuts
    D:10: 792 daAuts
     D:3: 778 daAuts
 Ossuary: 708 daAuts
 Abyss:1: 66 daAuts
    D:11: 18 daAuts

Table legend:
 A = Non-vault XP
 B = Vault XP
 C = Vault XP percentage of total XP
 D = Non-vault monster count
 E = Vault monster count
 F = Vault count percentage of total count
                 A         B        C        D         E       F
            +---------+---------+-------+---------+---------+-------
      Total |    7741 |    5609 |  42.0 |     222 |      59 |  21.0
            +---------+---------+-------+---------+---------+-------
        D:1 |      50 |       0 |   0.0 |      24 |       0 |   0.0
        D:2 |     132 |      35 |  21.0 |      11 |       1 |   8.3
        D:3 |     102 |       0 |   0.0 |      19 |       0 |   0.0
        D:4 |     503 |     254 |  33.6 |      30 |       6 |  16.7
        D:5 |     684 |       0 |   0.0 |      16 |       0 |   0.0
        D:6 |     778 |       2 |   0.3 |      15 |       2 |  11.8
        D:7 |    1324 |    1013 |  43.3 |      45 |       1 |   2.2
        D:8 |    2025 |     929 |  31.4 |      25 |       1 |   3.8
        D:9 |     621 |    3082 |  83.2 |      18 |      35 |  66.0
       D:10 |    1522 |       0 |   0.0 |      19 |       0 |   0.0
    Ossuary |       0 |     294 | 100.0 |       0 |      13 | 100.0
            +---------+---------+-------+---------+---------+-------
